Penguins vs Checkers
Created - April 30, 2021 at 19:09
Goals
|
| Penguins |
4 |
2 |
2 |
8 |
| Checkers |
2 |
2 |
2 |
6 |
|
Shots
|
| Penguins |
15 |
15 |
9 |
39 |
| Checkers |
13 |
12 |
9 |
34 |
|
1st period
1. Penguins , Kurt Sauer 4 (Nick Schmaltz 18, Andy Andreoff 16) at 7:13
2. Checkers , Jonathan Huberdeau 26 (Aleksander Barkov 48) at 7:19
3. Penguins , Iven Barbashev 13 (Josh Jooris 38, Will Butcher 76) at 10:47 (PP)
4. Penguins , Josh Jooris 40 (Kurt Sauer 12) at 15:31
5. Checkers , Jonathan Huberdeau 27 (Tobias Rieder 51) at 18:36
6. Penguins , Craig Smith 31 (Sam Kurker 1) at 19:06
Penalties :
Viktor Baldayev (Cha) for Fighting (Major) at 1:02, Andrew O'Brien (Wil) for Fighting (Major) at 1:02, Craig Smith (Wil) for Interference (Minor) at 2:37, Mitchell Heard (Cha) for Tripping (Minor) at 9:40
2nd period
7. Penguins , Andy Andreoff 22 (Craig Smith 50, Anthony Beauvillier 10) at 7:36
8. Checkers , Michael Latta 39 (Kerby Rychel 23) at 12:39
9. Checkers , Roberts Lipsbergs 9 (Michael McCarron 7, Mitchell Heard 9) at 15:24
10. Penguins , Max Gortz 8 (Kurt Sauer 13, Jordan Schmaltz 29) at 18:38
Penalties :
Jonathan Huberdeau (Cha) for Hooking (Minor) at 9:27
3rd period
11. Penguins , Craig Smith 32 (Jordan Schmaltz 30, Kurt Sauer 14) at 2:22 (PP)
12. Penguins , Josh Jooris 41 (Curtis Hamilton 14) at 4:23
13. Checkers , Jerry D'Amigo 30 (Tobias Rieder 52) at 4:55
14. Checkers , Roberts Lipsbergs 10 (Markus Nutivaara 37, Mitchell Heard 10) at 11:03
Penalties :
Keaton Thompson (Cha) for Interference (Minor) at 2:12, Quinton Howden (Cha) for Interference (Minor) at 6:30, Josh Ho-Sang (Wil) for Hooking (Minor) at 14:48, Danny Biega (Wil) for Slashing (Minor) at 19:44
Goalie Stats
Jason Missiaen (Wil), 28 saves from 34 shots - (0.824), W, 4-5-0, 60:00 minutes
Garret Sparks (Cha), 15 saves from 19 shots - (0.789), L, 8-15-2, 25:17 minutes
Igor Bobkov (Cha), 16 saves from 20 shots - (0.800), 34:43 minutes
Players Stats for Penguins
Player Name G A P +/- PIM S H SB GA TA FO MP PP MP PK MP
------------------------------------------------------------------------------------
Andrew O'Brien 0 0 0 -1 5 2 0 0 0 0 0/0 10:07 0:00 0:00
Andy Andreoff 1 1 2 -2 0 4 2 0 1 1 0/0 22:07 2:59 1:39
Anthony Beauvillier 0 1 1 0 0 3 1 0 0 0 0/0 12:15 0:09 1:13
Antti Suomela 0 0 0 0 0 0 3 0 1 0 0/4 12:25 0:03 1:29
Brett Pollock 0 0 0 0 0 0 0 0 0 0 1/2 2:06 0:00 2:06
Craig Smith 2 1 3 -2 2 3 1 1 1 0 2/4 21:52 3:06 1:11
Curtis Hamilton 0 1 1 1 0 1 1 1 0 0 0/0 15:51 1:52 0:00
Dakota Mermis 0 0 0 1 0 0 0 1 0 0 0/0 6:18 0:00 0:00
Danny Biega 0 0 0 -1 2 0 0 2 0 0 0/0 10:50 0:00 0:00
Denis Malgin 0 0 0 1 0 1 0 0 0 0 0/3 8:17 0:00 0:06
Iven Barbashev 1 0 1 1 0 1 2 1 0 0 8/17 15:51 1:52 0:00
Jordan Schmaltz 0 2 2 -2 0 1 1 0 1 1 0/0 25:23 3:43 2:25
Josh Ho-Sang 0 0 0 0 2 0 0 0 0 0 0/1 1:29 1:00 0:00
Josh Jooris 2 1 3 1 0 7 0 0 0 0 0/0 16:34 2:09 0:25
Kurt Sauer 1 3 4 -2 0 5 1 1 0 0 0/0 25:23 3:43 2:25
Matthew Finn 0 0 0 1 0 0 1 1 0 0 0/0 5:35 0:00 0:00
Max Gortz 1 0 1 1 0 2 1 0 0 0 0/0 8:11 0:00 0:00
Melker Karlsson 0 0 0 0 0 0 0 0 0 0 1/3 1:12 0:00 0:17
Nick Schmaltz 0 1 1 0 0 3 1 1 1 0 1/2 10:45 0:00 0:00
Raphael Bussieres 0 0 0 1 0 1 0 0 0 1 0/0 8:11 0:00 0:00
Sam Kurker 0 1 1 -2 0 1 3 0 0 1 14/36 18:39 2:35 0:00
Scott Mayfield 0 0 0 2 0 1 0 1 0 0 0/0 18:11 1:32 1:48
Steven Spinner 0 0 0 0 0 0 0 0 0 0 0/0 0:00 0:00 0:00
Will Butcher 0 1 1 2 0 3 2 1 0 0 0/0 18:11 1:32 1:48
Players Stats for Checkers
Player Name G A P +/- PIM S H SB GA TA FO MP PP MP PK MP
------------------------------------------------------------------------------------
Aleksander Barkov 0 1 1 1 0 3 2 0 0 1 23/41 20:19 2:14 0:09
Jake Virtanen 0 0 0 -4 0 1 0 0 0 0 1/1 11:47 0:01 0:00
Jerry D'Amigo 1 0 1 1 0 3 0 0 0 1 0/1 18:41 1:58 3:21
John Draeger 0 0 0 0 0 3 3 2 2 0 0/0 19:45 1:20 3:25
Jonathan Huberdeau 2 0 2 1 2 5 1 0 0 0 2/2 20:26 2:14 0:19
Keaton Thompson 0 0 0 0 2 0 1 2 0 1 0/0 12:10 0:00 0:00
Kerby Rychel 0 1 1 1 0 2 4 0 0 0 0/0 15:13 1:58 0:00
Markus Nutivaara 0 1 1 0 0 0 2 1 2 1 0/0 28:04 2:53 1:50
Matt Puempel 0 0 0 -4 0 1 2 0 0 0 0/0 10:43 0:00 0:00
Michael Latta 1 0 1 1 0 5 2 0 0 0 11/16 18:35 1:58 3:20
Michael McCarron 0 1 1 2 0 1 4 0 0 0 0/0 8:30 0:01 0:00
Mitchell Heard 0 2 2 2 2 0 1 0 0 0 3/4 8:18 0:00 0:44
Niklas Hansson 0 0 0 0 0 1 0 1 0 0 0/0 21:03 1:20 3:25
Quinton Howden 0 0 0 -4 2 2 3 1 0 0 3/5 12:13 0:00 1:02
Roberts Lipsbergs 2 0 2 2 0 5 2 0 0 0 0/0 8:42 0:01 0:28
Tobias Rieder 0 2 2 1 0 1 1 0 0 0 2/2 21:15 2:14 1:07
Viktor Baldayev 0 0 0 0 5 0 0 1 0 1 0/0 10:52 0:00 0:00
William Colbert 0 0 0 0 0 1 1 3 0 0 0/0 28:04 2:53 1:50
3 Stars
1 - Josh Jooris (Wil)
2 - Roberts Lipsbergs (Cha)
3 - Kurt Sauer (Wil)
Power Play
Penguins - 2 on 4 Attempt(s) - 50.00%
Checkers - 0 on 3 Attempt(s) - 0.00%
Penalty Kill
Penguins - 3 on 3 Attempt(s) - 100.00%
- Score 0 goal in Penalty Kill
Checkers - 2 on 4 Attempt(s) - 50.00%
- Score 0 goal in Penalty Kill
Team Stat
Penguins - Hits : 20 - Faceoff Wins : 27 - Blocked Shots : 11 - Penalty Minutes : 11
Checkers - Hits : 29 - Faceoff Wins : 45 - Blocked Shots : 11 - Penalty Minutes : 13
Official
Referees : Unknown
Linesman : Unknown
Game Notes
Viktor Baldayev and Andrew O'Brien fight to a draw at 1:02 of 1st period
Melker Karlsson is injured at 2:54 of 1st period (Sprained Right Knee)
Garret Sparks enters game at 19:06 of 1st period
Igor Bobkov enters game at 4:23 of 3rd period
Finance
Level 1 -- Attendance: 2000 (100.00%) -- Ticket Income $60,000
Level 2 -- Attendance: 724 (72.40%) -- Ticket Income $14,480
Total Attendance: 2724 (90.80%)
Total Ticket Income: $74,480
Other Income: $3,724
Total Income: $78,204
Penguins
5 vs 5 Forward
Center Left Wing Right Wing Time % Phy DF OF
1 Melker Karlsson Andy Andreoff Craig Smith 40 1 2 2
2 Iven Barbashev Curtis Hamilton Josh Jooris 30 1 2 2
3 Antti Suomela Anthony Beauvillier Nick Schmaltz 20 1 2 2
4 Denis Malgin Raphael Bussieres Max Gortz 10 1 2 2
5 vs 5 Defense
Defense Defense Time % Phy DF OF
1 Kurt Sauer Jordan Schmaltz 40 1 2 2
2 Will Butcher Scott Mayfield 30 1 2 2
3 Andrew O'Brien Danny Biega 20 1 2 2
4 Dakota Mermis Matthew Finn 10 1 2 2
PowerPlay Forward
Center Left Wing Right Wing Time % Phy DF OF
1 Melker Karlsson Andy Andreoff Craig Smith 60 1 2 2
2 Iven Barbashev Curtis Hamilton Josh Jooris 40 1 2 2
PowerPlay Defense
Defense Defense Time % Phy DF OF
1 Kurt Sauer Jordan Schmaltz 60 1 2 2
2 Will Butcher Scott Mayfield 40 1 2 2
Penalty Kill 4 Players Forward
Center Wing Time % Phy DF OF
1 Craig Smith Melker Karlsson 60 1 2 2
2 Josh Jooris Andy Andreoff 40 1 2 2
Penalty Kill 4 Players Defense
Defense Defense Time % Phy DF OF
1 Kurt Sauer Jordan Schmaltz 60 1 2 2
2 Will Butcher Scott Mayfield 40 1 2 2
Penalty Kill - 3 Players Forward
Forward Time % Phy DF OF
1 Craig Smith 60 1 2 2
2 Melker Karlsson 40 1 2 2
Penalty Kill - 3 Players Defense
Defense Defense Time % Phy DF OF
1 Kurt Sauer Jordan Schmaltz 60 1 2 2
2 Will Butcher Scott Mayfield 40 1 2 2
4 vs 4 Forward
Center Wing Time % Phy DF OF
1 Craig Smith Melker Karlsson 60 1 2 2
2 Josh Jooris Andy Andreoff 40 1 2 2
4 vs 4 Defense
Defense Defense Time % Phy DF OF
1 Kurt Sauer Jordan Schmaltz 60 1 2 2
2 Will Butcher Scott Mayfield 40 1 2 2
Last Minutes Offensive
Center Left Wing Right Wing Defense Defense
Melker Karlsson Andy Andreoff Craig Smith Kurt Sauer Jordan Schmaltz
Last Minutes Defensive
Center Left Wing Right Wing Defense Defense
Melker Karlsson Andy Andreoff Craig Smith Kurt Sauer Jordan Schmaltz
Goaltenders
Starting : Jason Missiaen
Backup : Connor Hellebyuk
Extra Forwards
Normal : Sam Kurker, Josh Ho-Sang, Brett Pollock - PP : Sam Kurker, Josh Ho-Sang - PK : Brett Pollock
Extra Defensemen
Normal : Andrew O'Brien, Danny Biega, Dakota Mermis - PP : Andrew O'Brien - PK : Danny Biega, Dakota Mermis
Penalty Shots
Craig Smith, Melker Karlsson, Josh Jooris, Andy Andreoff, Nick Schmaltz
Scratches
Chrstian Dvorak (Strained Left Elbow Injury), Anthony Stolarz (Healthy)
Checkers
5 vs 5 Forward
Center Left Wing Right Wing Time % Phy DF OF
1 Aleksander Barkov Jonathan Huberdeau Tobias Rieder 40 0 2 3
2 Michael Latta Kerby Rychel Jerry D'Amigo 30 0 2 3
3 Quinton Howden Matt Puempel Jake Virtanen 20 0 3 2
4 Mitchell Heard Roberts Lipsbergs Michael McCarron 10 1 2 2
5 vs 5 Defense
Defense Defense Time % Phy DF OF
1 William Colbert Markus Nutivaara 40 0 2 3
2 John Draeger Niklas Hansson 30 0 2 3
3 Viktor Baldayev Keaton Thompson 20 1 2 2
4 William Colbert Markus Nutivaara 10 0 2 3
PowerPlay Forward
Center Left Wing Right Wing Time % Phy DF OF
1 Aleksander Barkov Jonathan Huberdeau Tobias Rieder 60 0 1 4
2 Michael Latta Kerby Rychel Jerry D'Amigo 40 0 1 4
PowerPlay Defense
Defense Defense Time % Phy DF OF
1 William Colbert Markus Nutivaara 60 0 2 3
2 John Draeger Niklas Hansson 40 0 2 3
Penalty Kill 4 Players Forward
Center Wing Time % Phy DF OF
1 Michael Latta Jerry D'Amigo 60 1 3 1
2 Quinton Howden Tobias Rieder 40 1 3 1
Penalty Kill 4 Players Defense
Defense Defense Time % Phy DF OF
1 John Draeger Niklas Hansson 60 1 4 0
2 William Colbert Markus Nutivaara 40 1 4 0
Penalty Kill - 3 Players Forward
Forward Time % Phy DF OF
1 Michael Latta 60 1 3 1
2 Mitchell Heard 40 1 3 1
Penalty Kill - 3 Players Defense
Defense Defense Time % Phy DF OF
1 John Draeger Niklas Hansson 60 1 4 0
2 William Colbert Markus Nutivaara 40 1 4 0
4 vs 4 Forward
Center Wing Time % Phy DF OF
1 Aleksander Barkov Jonathan Huberdeau 60 0 2 3
2 Michael Latta Tobias Rieder 40 0 2 3
4 vs 4 Defense
Defense Defense Time % Phy DF OF
1 William Colbert Markus Nutivaara 60 0 2 3
2 Niklas Hansson John Draeger 40 0 2 3
Last Minutes Offensive
Center Left Wing Right Wing Defense Defense
Aleksander Barkov Jonathan Huberdeau Tobias Rieder William Colbert Markus Nutivaara
Last Minutes Defensive
Center Left Wing Right Wing Defense Defense
Michael Latta Kerby Rychel Tobias Rieder John Draeger Niklas Hansson
Goaltenders
Starting : Igor Bobkov
Backup : Garret Sparks
Extra Forwards
Normal : Jake Virtanen, Jonathan Huberdeau, Aleksander Barkov - PP : Jake Virtanen, Jonathan Huberdeau - PK : Michael Latta
Extra Defensemen
Normal : Niklas Hansson, Markus Nutivaara, John Draeger - PP : William Colbert - PK : John Draeger, Keaton Thompson
Penalty Shots
Aleksander Barkov, Tobias Rieder, Quinton Howden, Michael Latta, Jonathan Huberdeau
Scratches
Juuso Ikonen (Healthy), Kyle Platzer (Healthy), Connor Honey (Healthy), Lukas Vejdemo (Healthy), Dmytro Timashov (Healthy)
Michal Jordan (Bruised Left Arm Injury), Anton Zlobin (Healthy), Nelson Nogier (Healthy), Jake Walman (Healthy), Marek Langhamer (Healthy)
% Time on Ice - Penguins
Lines # - Real PCT - Wanted PCT - Time Play
Normal Forward
1 - 35% - 40% - 17:37
2 - 28% - 30% - 13:59
3 - 21% - 20% - 10:45
4 - 16% - 10% - 8:11
Normal Defense
1 - 38% - 40% - 19:15
2 - 29% - 30% - 14:51
3 - 21% - 20% - 10:51
4 - 11% - 10% - 5:35
PP Forward
1 - 64% - 60% - 3:23
2 - 36% - 40% - 1:52
PP Defense
1 - 71% - 60% - 3:43
2 - 29% - 40% - 1:32
PK Forward
1 - 90% - 60% - 3:48
2 - 10% - 40% - 0:25
PK Defense
1 - 57% - 60% - 2:25
2 - 43% - 40% - 1:48
PK3 Forward
1 - 0% - 60%
2 - 0% - 40%
PK3 Defense
1 - 0% - 60%
2 - 0% - 40%
44 Forward
1 - 0% - 60%
2 - 0% - 40%
44 Defense
1 - 0% - 60%
2 - 0% - 40%
Last Minute Offensive - 0:00
Last Minute Defensive - 0:00
Total
Forward - 60:00
Defense - 60:00
|
% Time on Ice - Checkers
Lines # - Real PCT - Wanted PCT - Time Play
Normal Forward
1 - 35% - 40% - 17:53
2 - 28% - 30% - 14:21
3 - 21% - 20% - 10:43
4 - 15% - 10% - 7:35
Normal Defense
1 - 39% - 40% - 19:28
2 - 30% - 30% - 15:11
3 - 24% - 20% - 12:11
4 - 7% - 10% - 3:42
PP Forward
1 - 53% - 60% - 2:15
2 - 47% - 40% - 1:58
PP Defense
1 - 68% - 60% - 2:53
2 - 32% - 40% - 1:20
PK Forward
1 - 79% - 60% - 4:08
2 - 21% - 40% - 1:07
PK Defense
1 - 65% - 60% - 3:25
2 - 35% - 40% - 1:50
PK3 Forward
1 - 0% - 60%
2 - 0% - 40%
PK3 Defense
1 - 0% - 60%
2 - 0% - 40%
44 Forward
1 - 0% - 60%
2 - 0% - 40%
44 Defense
1 - 0% - 60%
2 - 0% - 40%
Last Minute Offensive - 0:00
Last Minute Defensive - 0:00
Total
Forward - 60:00
Defense - 60:00
|
Play-by-Play
1st period
0:01 of 1st period - Jonathan Huberdeau wins face-off versus Melker Karlsson in neutral zone.
0:10 of 1st period - Snap shot by Jonathan Huberdeau.
0:10 of 1st period - Shot Misses the Net.
0:12 of 1st period - Wrist shot by Tobias Rieder.
0:12 of 1st period - Stopped by Jason Missiaen with a rebound.
0:14 of 1st period - Wrist shot by Markus Nutivaara.
0:14 of 1st period - Deflect By Jonathan Huberdeau.
0:14 of 1st period - Shot Misses the Net.
0:14 of 1st period - Puck is out of play.
0:15 of 1st period - Iven Barbashev wins face-off versus Michael Latta in Penguins zone.
0:25 of 1st period - Off-side.
0:26 of 1st period - Quinton Howden wins face-off versus Antti Suomela in neutral zone.
0:31 of 1st period - Snap shot by Matt Puempel.
0:31 of 1st period - Stopped by Jason Missiaen without a rebound.
0:32 of 1st period - Nick Schmaltz wins face-off versus Quinton Howden in Penguins zone.
0:52 of 1st period - Danny Biega is hit by Keaton Thompson and loses puck.
1:02 of 1st period - Viktor Baldayev and Andrew O'Brien fight to a draw.
1:02 of 1st period - Penalty to Viktor Baldayev for Fighting.
1:02 of 1st period - Penalty to Andrew O'Brien for Fighting.
1:03 of 1st period - Aleksander Barkov wins face-off versus Melker Karlsson in Checkers zone.
1:16 of 1st period - Snap shot by Aleksander Barkov.
1:16 of 1st period - Stopped by Jason Missiaen without a rebound.
1:17 of 1st period - Iven Barbashev wins face-off versus Michael Latta in Penguins zone.
1:17 of 1st period - Iven Barbashev is hit by John Draeger.
2:14 of 1st period - Wrist shot by Michael Latta.
2:14 of 1st period - Stopped by Jason Missiaen without a rebound.
2:15 of 1st period - Melker Karlsson wins face-off versus Aleksander Barkov in Penguins zone.
2:37 of 1st period - Minor Penalty to Craig Smith for Interference.
2:38 of 1st period - Brett Pollock wins face-off versus Aleksander Barkov in Penguins zone.
2:53 of 1st period - Melker Karlsson is hit by Aleksander Barkov and loses puck.
2:54 of 1st period - Melker Karlsson from Penguins is injured at 2:54 of 1st period (Sprained Right Knee).
2:55 of 1st period - Aleksander Barkov wins face-off versus Brett Pollock in Penguins zone.
3:21 of 1st period - Kurt Sauer is hit by Michael Latta and loses puck.
4:37 of 1st period - Penalty to Craig Smith is over, Craig Smith is back on ice.
4:48 of 1st period - Wrist shot by Mitchell Heard.
4:48 of 1st period - Deflect By Roberts Lipsbergs.
4:48 of 1st period - Shot Blocked by Matthew Finn.
4:48 of 1st period - Puck is out of play.
4:49 of 1st period - Mitchell Heard wins face-off versus Iven Barbashev in Penguins zone.
4:50 of 1st period - Slapshot by Keaton Thompson.
4:50 of 1st period - Shot Misses the Net.
5:03 of 1st period - Slapshot by Kurt Sauer.
5:03 of 1st period - Stopped by Igor Bobkov with a rebound.
5:05 of 1st period - Wrist shot by Curtis Hamilton.
5:05 of 1st period - Shot Misses the Net.
5:15 of 1st period - Mitchell Heard is hit by Max Gortz and loses puck.
5:24 of 1st period - Raphael Bussieres is hit by Michael McCarron and loses puck.
5:33 of 1st period - Slapshot by Roberts Lipsbergs.
5:33 of 1st period - Shot Misses the Net.
5:47 of 1st period - Wrist shot by Roberts Lipsbergs.
5:47 of 1st period - Stopped by Jason Missiaen without a rebound.
5:48 of 1st period - Aleksander Barkov wins face-off versus Sam Kurker in Penguins zone.
5:59 of 1st period - Wrist shot by Jonathan Huberdeau.
5:59 of 1st period - Shot Misses the Net.
6:10 of 1st period - Icing by William Colbert.
6:11 of 1st period - Tobias Rieder wins face-off versus Iven Barbashev in Checkers zone.
6:16 of 1st period - Snap shot by Kerby Rychel.
6:16 of 1st period - Shot Misses the Net.
6:38 of 1st period - Wrist shot by Josh Jooris.
6:38 of 1st period - Stopped by Igor Bobkov without a rebound.
6:39 of 1st period - Aleksander Barkov wins face-off versus Sam Kurker in Checkers zone.
6:39 of 1st period - Aleksander Barkov is hit by Sam Kurker.
7:09 of 1st period - Snap shot by Nick Schmaltz.
7:09 of 1st period - Shot Misses the Net.
7:11 of 1st period - Slapshot by Kurt Sauer.
7:11 of 1st period - Shot Blocked by Niklas Hansson.
7:13 of 1st period - Slapshot by Kurt Sauer.
7:13 of 1st period - Goal by Kurt Sauer - Penguins : 1 - Checkers : 0.
7:14 of 1st period - Aleksander Barkov wins face-off versus Sam Kurker in neutral zone.
7:19 of 1st period - Slapshot by Jonathan Huberdeau.
7:19 of 1st period - Goal by Jonathan Huberdeau - Penguins : 1 - Checkers : 1.
7:20 of 1st period - Aleksander Barkov wins face-off versus Sam Kurker in neutral zone.
7:23 of 1st period - Wrist shot by Jonathan Huberdeau.
7:23 of 1st period - Stopped by Jason Missiaen with a rebound.
7:25 of 1st period - Slapshot by William Colbert.
7:25 of 1st period - Deflect By Craig Smith.
7:25 of 1st period - Stopped by Jason Missiaen with a rebound.
7:50 of 1st period - Snap shot by Jordan Schmaltz.
7:50 of 1st period - Shot Misses the Net.
7:52 of 1st period - Slapshot by Kurt Sauer.
7:52 of 1st period - Stopped by Igor Bobkov without a rebound.
7:53 of 1st period - Iven Barbashev wins face-off versus Aleksander Barkov in Checkers zone.
8:06 of 1st period - Wrist shot by Iven Barbashev.
8:06 of 1st period - Deflect By Tobias Rieder.
8:06 of 1st period - Shot Misses the Net.
8:06 of 1st period - Puck is out of play.
8:07 of 1st period - Aleksander Barkov wins face-off versus Sam Kurker in Checkers zone.
8:07 of 1st period - Aleksander Barkov is hit by Matthew Finn.
8:35 of 1st period - Snap shot by Anthony Beauvillier.
8:35 of 1st period - Stopped by Igor Bobkov with a rebound.
8:37 of 1st period - Wrist shot by Anthony Beauvillier.
8:37 of 1st period - Stopped by Igor Bobkov without a rebound.
8:38 of 1st period - Michael Latta wins face-off versus Antti Suomela in Checkers zone.
8:47 of 1st period - Wrist shot by Michael Latta.
8:47 of 1st period - Shot Blocked by Will Butcher.
8:49 of 1st period - Slapshot by Niklas Hansson.
8:49 of 1st period - Shot Blocked by Scott Mayfield.
8:51 of 1st period - Slapshot by Niklas Hansson.
8:51 of 1st period - Shot Blocked by Nick Schmaltz.
9:40 of 1st period - Minor Penalty to Mitchell Heard for Tripping.
9:41 of 1st period - Sam Kurker wins face-off versus Michael Latta in Checkers zone.
10:16 of 1st period - Backhand shot by Jordan Schmaltz.
10:16 of 1st period - Shot Blocked by Quinton Howden.
10:18 of 1st period - Slapshot by Kurt Sauer.
10:18 of 1st period - Deflect By Tobias Rieder.
10:18 of 1st period - Stopped by Igor Bobkov with a rebound.
10:33 of 1st period - Icing by Andy Andreoff.
10:34 of 1st period - Sam Kurker wins face-off versus Jerry D'Amigo in Penguins zone.
10:47 of 1st period - Wrist shot by Iven Barbashev.
10:47 of 1st period - Goal by Iven Barbashev - Penguins : 2 - Checkers : 1.
10:48 of 1st period - Sam Kurker wins face-off versus Aleksander Barkov in neutral zone.
11:45 of 1st period - Wrist shot by Nick Schmaltz.
11:45 of 1st period - Shot Misses the Net.
11:47 of 1st period - Snap shot by Jordan Schmaltz.
11:47 of 1st period - Shot Blocked by John Draeger.
12:01 of 1st period - Wrist shot by Craig Smith.
12:01 of 1st period - Shot Misses the Net.
12:03 of 1st period - Slapshot by Will Butcher.
12:03 of 1st period - Stopped by Igor Bobkov with a rebound.
12:15 of 1st period - Slapshot by John Draeger.
12:15 of 1st period - Stopped by Jason Missiaen without a rebound.
12:16 of 1st period - Aleksander Barkov wins face-off versus Denis Malgin in Penguins zone.
12:17 of 1st period - Snap shot by Jonathan Huberdeau.
12:17 of 1st period - Shot Blocked by Dakota Mermis.
12:19 of 1st period - Snap shot by Aleksander Barkov.
12:19 of 1st period - Deflect By Jonathan Huberdeau.
12:19 of 1st period - Stopped by Jason Missiaen without a rebound.
12:20 of 1st period - Aleksander Barkov wins face-off versus Sam Kurker in Penguins zone.
12:43 of 1st period - Icing by Jonathan Huberdeau.
12:44 of 1st period - Aleksander Barkov wins face-off versus Iven Barbashev in Checkers zone.
13:08 of 1st period - Icing by Scott Mayfield.
13:09 of 1st period - Iven Barbashev wins face-off versus Quinton Howden in Penguins zone.
13:09 of 1st period - Iven Barbashev is hit by Matt Puempel.
13:41 of 1st period - Slapshot by Jordan Schmaltz.
13:41 of 1st period - Stopped by Igor Bobkov with a rebound.
13:43 of 1st period - Slapshot by Jordan Schmaltz.
13:43 of 1st period - Shot Misses the Net.
13:45 of 1st period - Snap shot by Denis Malgin.
13:45 of 1st period - Stopped by Igor Bobkov with a rebound.
13:47 of 1st period - Snap shot by Raphael Bussieres.
13:47 of 1st period - Stopped by Igor Bobkov with a rebound.
13:58 of 1st period - Icing by Jordan Schmaltz.
13:59 of 1st period - Iven Barbashev wins face-off versus Aleksander Barkov in Penguins zone.
14:08 of 1st period - Wrist shot by Curtis Hamilton.
14:08 of 1st period - Shot Misses the Net.
14:26 of 1st period - Sam Kurker is hit by John Draeger and loses puck.
14:35 of 1st period - Snap shot by Michael Latta.
14:35 of 1st period - Stopped by Jason Missiaen with a rebound.
14:45 of 1st period - Keaton Thompson is hit by Antti Suomela and loses puck.
14:52 of 1st period - Wrist shot by Nick Schmaltz.
14:52 of 1st period - Shot Blocked by Keaton Thompson.
14:54 of 1st period - Slapshot by Anthony Beauvillier.
14:54 of 1st period - Shot Blocked by Keaton Thompson.
14:58 of 1st period - Snap shot by Nick Schmaltz.
14:58 of 1st period - Stopped by Igor Bobkov without a rebound.
14:59 of 1st period - Aleksander Barkov wins face-off versus Iven Barbashev in Checkers zone.
15:31 of 1st period - Slapshot by Josh Jooris.
15:31 of 1st period - Goal by Josh Jooris - Penguins : 3 - Checkers : 1.
15:32 of 1st period - Aleksander Barkov wins face-off versus Sam Kurker in neutral zone.
15:37 of 1st period - Wrist shot by Aleksander Barkov.
15:37 of 1st period - Stopped by Jason Missiaen without a rebound.
15:38 of 1st period - Aleksander Barkov wins face-off versus Sam Kurker in Penguins zone.
17:56 of 1st period - Off-side.
17:57 of 1st period - Sam Kurker wins face-off versus Aleksander Barkov in neutral zone.
18:03 of 1st period - Off-side.
18:04 of 1st period - Sam Kurker wins face-off versus Aleksander Barkov in neutral zone.
18:36 of 1st period - Snap shot by Jonathan Huberdeau.
18:36 of 1st period - Goal by Jonathan Huberdeau - Penguins : 3 - Checkers : 2.
18:37 of 1st period - Michael Latta wins face-off versus Iven Barbashev in neutral zone.
19:06 of 1st period - Wrist shot by Craig Smith.
19:06 of 1st period - Goal by Craig Smith - Penguins : 4 - Checkers : 2.
19:06 of 1st period - Garret Sparks enters game.
19:07 of 1st period - Aleksander Barkov wins face-off versus Sam Kurker in neutral zone.
19:10 of 1st period - Wrist shot by Craig Smith.
19:10 of 1st period - Shot Misses the Net.
19:51 of 1st period - Wrist shot by Mitchell Heard.
19:51 of 1st period - Shot Blocked by Iven Barbashev.
Goals for this period are 4 for Penguins vs 2 for Checkers.
Shots for this period are 15 for Penguins vs 13 for Checkers.
2nd period
0:01 of 2nd period - Sam Kurker wins face-off versus Aleksander Barkov in neutral zone.
0:25 of 2nd period - Danny Biega is hit by Markus Nutivaara and loses puck.
1:36 of 2nd period - Wrist shot by Michael McCarron.
1:36 of 2nd period - Shot Blocked by Craig Smith.
2:37 of 2nd period - Wrist shot by Will Butcher.
2:37 of 2nd period - Shot Misses the Net.
3:05 of 2nd period - Wrist shot by Craig Smith.
3:05 of 2nd period - Shot Blocked by William Colbert.
3:19 of 2nd period - Slapshot by Will Butcher.
3:19 of 2nd period - Stopped by Garret Sparks with a rebound.
3:29 of 2nd period - Snap shot by Josh Jooris.
3:29 of 2nd period - Stopped by Garret Sparks with a rebound.
3:52 of 2nd period - Wrist shot by Jerry D'Amigo.
3:52 of 2nd period - Stopped by Jason Missiaen without a rebound.
3:53 of 2nd period - Sam Kurker wins face-off versus Aleksander Barkov in Penguins zone.
4:19 of 2nd period - Curtis Hamilton is hit by Kerby Rychel and loses puck.
4:46 of 2nd period - Snap shot by Nick Schmaltz.
4:46 of 2nd period - Shot Misses the Net.
5:11 of 2nd period - Kurt Sauer is hit by Mitchell Heard and loses puck.
5:26 of 2nd period - Raphael Bussieres is hit by Aleksander Barkov and loses puck.
5:41 of 2nd period - Max Gortz is hit by Kerby Rychel and loses puck.
6:08 of 2nd period - Raphael Bussieres is hit by William Colbert and loses puck.
6:20 of 2nd period - Off-side.
6:21 of 2nd period - Sam Kurker wins face-off versus Mitchell Heard in neutral zone.
6:29 of 2nd period - Sam Kurker is hit by Michael McCarron and loses puck.
7:36 of 2nd period - Snap shot by Andy Andreoff.
7:36 of 2nd period - Goal by Andy Andreoff - Penguins : 5 - Checkers : 2.
7:37 of 2nd period - Sam Kurker wins face-off versus Aleksander Barkov in neutral zone.
7:48 of 2nd period - Snap shot by Andy Andreoff.
7:48 of 2nd period - Shot Misses the Net.
7:50 of 2nd period - Snap shot by Kurt Sauer.
7:50 of 2nd period - Stopped by Garret Sparks without a rebound.
7:51 of 2nd period - Aleksander Barkov wins face-off versus Sam Kurker in Checkers zone.
8:18 of 2nd period - Markus Nutivaara is hit by Antti Suomela and loses puck.
8:41 of 2nd period - Snap shot by Josh Jooris.
8:41 of 2nd period - Stopped by Garret Sparks without a rebound.
8:42 of 2nd period - Quinton Howden wins face-off versus Iven Barbashev in Checkers zone.
8:55 of 2nd period - Wrist shot by Josh Jooris.
8:55 of 2nd period - Shot Misses the Net.
8:57 of 2nd period - Slapshot by Scott Mayfield.
8:57 of 2nd period - Stopped by Garret Sparks with a rebound.
9:14 of 2nd period - Slapshot by Will Butcher.
9:14 of 2nd period - Stopped by Garret Sparks without a rebound.
9:15 of 2nd period - Sam Kurker wins face-off versus Aleksander Barkov in Checkers zone.
9:27 of 2nd period - Minor Penalty to Jonathan Huberdeau for Hooking.
9:28 of 2nd period - Michael Latta wins face-off versus Sam Kurker in Checkers zone.
9:36 of 2nd period - Snap shot by Sam Kurker.
9:36 of 2nd period - Stopped by Garret Sparks with a rebound.
9:38 of 2nd period - Wrist shot by Andy Andreoff.
9:38 of 2nd period - Stopped by Garret Sparks without a rebound.
9:39 of 2nd period - Michael Latta wins face-off versus Sam Kurker in Checkers zone.
9:44 of 2nd period - Wrist shot by Michael Latta.
9:44 of 2nd period - Shot Misses the Net.
9:46 of 2nd period - Slapshot by Niklas Hansson.
9:46 of 2nd period - Deflect By Craig Smith.
9:46 of 2nd period - Stopped by Jason Missiaen without a rebound.
9:47 of 2nd period - Craig Smith wins face-off versus Michael Latta in Penguins zone.
11:27 of 2nd period - Penalty to Jonathan Huberdeau is over, Jonathan Huberdeau is back on ice.
11:46 of 2nd period - Snap shot by Raphael Bussieres.
11:46 of 2nd period - Deflect By Max Gortz.
11:46 of 2nd period - Shot Misses the Net.
11:46 of 2nd period - Puck is out of play.
11:47 of 2nd period - Mitchell Heard wins face-off versus Antti Suomela in Checkers zone.
12:10 of 2nd period - Nick Schmaltz is hit by Markus Nutivaara and loses puck.
12:33 of 2nd period - Snap shot by Jerry D'Amigo.
12:33 of 2nd period - Stopped by Jason Missiaen with a rebound.
12:35 of 2nd period - Snap shot by Jerry D'Amigo.
12:35 of 2nd period - Shot Misses the Net.
12:37 of 2nd period - Wrist shot by Michael Latta.
12:37 of 2nd period - Stopped by Jason Missiaen without a rebound.
12:38 of 2nd period - Michael Latta wins face-off versus Sam Kurker in Penguins zone.
12:39 of 2nd period - Wrist shot by Kerby Rychel.
12:39 of 2nd period - Deflect By Michael Latta.
12:39 of 2nd period - Goal by Michael Latta - Penguins : 5 - Checkers : 3.
12:40 of 2nd period - Craig Smith wins face-off versus Aleksander Barkov in neutral zone.
12:43 of 2nd period - Tobias Rieder is hit by Andy Andreoff and loses puck.
13:11 of 2nd period - Icing by Jerry D'Amigo.
13:12 of 2nd period - Iven Barbashev wins face-off versus Michael Latta in Checkers zone.
13:37 of 2nd period - Markus Nutivaara is hit by Will Butcher and loses puck.
13:44 of 2nd period - Slapshot by Josh Jooris.
13:44 of 2nd period - Shot Misses the Net.
13:56 of 2nd period - Snap shot by Josh Jooris.
13:56 of 2nd period - Shot Blocked by William Colbert.
13:58 of 2nd period - Wrist shot by Curtis Hamilton.
13:58 of 2nd period - Stopped by Garret Sparks with a rebound.
14:00 of 2nd period - Slapshot by Kurt Sauer.
14:00 of 2nd period - Shot Misses the Net.
14:02 of 2nd period - Wrist shot by Josh Jooris.
14:02 of 2nd period - Stopped by Garret Sparks without a rebound.
14:03 of 2nd period - Sam Kurker wins face-off versus Aleksander Barkov in Checkers zone.
14:14 of 2nd period - Snap shot by Andy Andreoff.
14:14 of 2nd period - Shot Misses the Net.
14:16 of 2nd period - Slapshot by Sam Kurker.
14:16 of 2nd period - Shot Blocked by John Draeger.
14:18 of 2nd period - Snap shot by Andy Andreoff.
14:18 of 2nd period - Stopped by Garret Sparks with a rebound.
14:39 of 2nd period - Raphael Bussieres is hit by John Draeger.
14:55 of 2nd period - Icing by Viktor Baldayev.
14:56 of 2nd period - Mitchell Heard wins face-off versus Nick Schmaltz in Checkers zone.
14:56 of 2nd period - Mitchell Heard is hit by Kurt Sauer.
15:04 of 2nd period - Snap shot by Roberts Lipsbergs.
15:04 of 2nd period - Stopped by Jason Missiaen with a rebound.
15:06 of 2nd period - Slapshot by Viktor Baldayev.
15:06 of 2nd period - Shot Misses the Net.
15:22 of 2nd period - Wrist shot by Michael McCarron.
15:22 of 2nd period - Stopped by Jason Missiaen with a rebound.
15:24 of 2nd period - Wrist shot by Roberts Lipsbergs.
15:24 of 2nd period - Goal by Roberts Lipsbergs - Penguins : 5 - Checkers : 4.
15:25 of 2nd period - Jonathan Huberdeau wins face-off versus Sam Kurker in neutral zone.
16:08 of 2nd period - Snap shot by Craig Smith.
16:08 of 2nd period - Stopped by Garret Sparks with a rebound.
16:50 of 2nd period - Tobias Rieder is hit by Anthony Beauvillier and loses puck.
17:43 of 2nd period - Wrist shot by Kerby Rychel.
17:43 of 2nd period - Stopped by Jason Missiaen without a rebound.
17:44 of 2nd period - Aleksander Barkov wins face-off versus Denis Malgin in Penguins zone.
17:45 of 2nd period - Snap shot by Jonathan Huberdeau.
17:45 of 2nd period - Stopped by Jason Missiaen with a rebound.
18:09 of 2nd period - Jordan Schmaltz is hit by Quinton Howden and loses puck.
18:14 of 2nd period - Slapshot by Quinton Howden.
18:14 of 2nd period - Shot Misses the Net.
18:32 of 2nd period - Slapshot by Max Gortz.
18:32 of 2nd period - Stopped by Garret Sparks with a rebound.
18:34 of 2nd period - Slapshot by Jordan Schmaltz.
18:34 of 2nd period - Shot Misses the Net.
18:36 of 2nd period - Wrist shot by Jordan Schmaltz.
18:36 of 2nd period - Shot Misses the Net.
18:38 of 2nd period - Wrist shot by Kurt Sauer.
18:38 of 2nd period - Deflect By Max Gortz.
18:38 of 2nd period - Goal by Max Gortz - Penguins : 6 - Checkers : 4.
18:39 of 2nd period - Sam Kurker wins face-off versus Aleksander Barkov in neutral zone.
18:46 of 2nd period - Backhand shot by Will Butcher.
18:46 of 2nd period - Shot Misses the Net.
19:04 of 2nd period - Iven Barbashev is hit by Kerby Rychel and loses puck.
19:23 of 2nd period - Nick Schmaltz is hit by Quinton Howden and loses puck.
19:34 of 2nd period - Snap shot by Quinton Howden.
19:34 of 2nd period - Stopped by Jason Missiaen with a rebound.
19:49 of 2nd period - Slapshot by Roberts Lipsbergs.
19:49 of 2nd period - Stopped by Jason Missiaen without a rebound.
19:50 of 2nd period - Sam Kurker wins face-off versus Aleksander Barkov in Penguins zone.
19:50 of 2nd period - Sam Kurker is hit by Jonathan Huberdeau.
Goals for this period are 2 for Penguins vs 2 for Checkers.
Shots for this period are 15 for Penguins vs 12 for Checkers.
3rd period
0:01 of 3rd period - Aleksander Barkov wins face-off versus Sam Kurker in neutral zone.
0:28 of 3rd period - Curtis Hamilton is hit by Michael Latta and loses puck.
0:40 of 3rd period - Curtis Hamilton is hit by Kerby Rychel.
1:19 of 3rd period - Slapshot by Mitchell Heard.
1:19 of 3rd period - Deflect By Roberts Lipsbergs.
1:19 of 3rd period - Shot Misses the Net.
1:19 of 3rd period - Puck is out of play.
1:20 of 3rd period - Aleksander Barkov wins face-off versus Sam Kurker in Penguins zone.
1:31 of 3rd period - Snap shot by Aleksander Barkov.
1:31 of 3rd period - Shot Misses the Net.
1:33 of 3rd period - Snap shot by John Draeger.
1:33 of 3rd period - Stopped by Jason Missiaen with a rebound.
1:35 of 3rd period - Slapshot by John Draeger.
1:35 of 3rd period - Stopped by Jason Missiaen with a rebound.
1:49 of 3rd period - Wrist shot by Curtis Hamilton.
1:49 of 3rd period - Shot Misses the Net.
1:51 of 3rd period - Slapshot by Andrew O'Brien.
1:51 of 3rd period - Stopped by Garret Sparks without a rebound.
1:52 of 3rd period - Iven Barbashev wins face-off versus Aleksander Barkov in Checkers zone.
2:12 of 3rd period - Minor Penalty to Keaton Thompson for Interference.
2:13 of 3rd period - Michael Latta wins face-off versus Sam Kurker in Checkers zone.
2:13 of 3rd period - Michael Latta is hit by Sam Kurker.
2:22 of 3rd period - Slapshot by Jordan Schmaltz.
2:22 of 3rd period - Deflect By Craig Smith.
2:22 of 3rd period - Goal by Craig Smith - Penguins : 7 - Checkers : 4.
2:23 of 3rd period - Sam Kurker wins face-off versus Aleksander Barkov in neutral zone.
2:26 of 3rd period - Jonathan Huberdeau is hit by Will Butcher and loses puck.
3:39 of 3rd period - Andy Andreoff is hit by Matt Puempel and loses puck.
3:46 of 3rd period - Slapshot by Markus Nutivaara.
3:46 of 3rd period - Shot Blocked by Danny Biega.
4:21 of 3rd period - Snap shot by Josh Jooris.
4:21 of 3rd period - Stopped by Garret Sparks with a rebound.
4:23 of 3rd period - Snap shot by Josh Jooris.
4:23 of 3rd period - Goal by Josh Jooris - Penguins : 8 - Checkers : 4.
4:23 of 3rd period - Igor Bobkov enters game.
4:24 of 3rd period - Aleksander Barkov wins face-off versus Sam Kurker in neutral zone.
4:53 of 3rd period - Slapshot by Jerry D'Amigo.
4:53 of 3rd period - Shot Blocked by Curtis Hamilton.
4:55 of 3rd period - Snap shot by Jerry D'Amigo.
4:55 of 3rd period - Goal by Jerry D'Amigo - Penguins : 8 - Checkers : 5.
4:56 of 3rd period - Aleksander Barkov wins face-off versus Sam Kurker in neutral zone.
5:25 of 3rd period - Icing by Jerry D'Amigo.
5:26 of 3rd period - Michael Latta wins face-off versus Iven Barbashev in Checkers zone.
5:26 of 3rd period - Michael Latta is hit by Curtis Hamilton.
5:59 of 3rd period - Wrist shot by Michael Latta.
5:59 of 3rd period - Stopped by Jason Missiaen without a rebound.
6:00 of 3rd period - Iven Barbashev wins face-off versus Aleksander Barkov in Penguins zone.
6:28 of 3rd period - Slapshot by Will Butcher.
6:28 of 3rd period - Shot Blocked by Markus Nutivaara.
6:30 of 3rd period - Minor Penalty to Quinton Howden for Interference.
6:31 of 3rd period - Michael Latta wins face-off versus Sam Kurker in Checkers zone.
6:39 of 3rd period - Off-side.
6:40 of 3rd period - Michael Latta wins face-off versus Sam Kurker in neutral zone.
7:08 of 3rd period - Michael Latta is hit by Iven Barbashev and loses puck.
8:30 of 3rd period - Penalty to Quinton Howden is over, Quinton Howden is back on ice.
8:37 of 3rd period - Snap shot by Max Gortz.
8:37 of 3rd period - Shot Misses the Net.
8:39 of 3rd period - Slapshot by Andrew O'Brien.
8:39 of 3rd period - Deflect By Quinton Howden.
8:39 of 3rd period - Stopped by Igor Bobkov without a rebound.
8:40 of 3rd period - Quinton Howden wins face-off versus Denis Malgin in Checkers zone.
9:06 of 3rd period - Slapshot by Markus Nutivaara.
9:06 of 3rd period - Shot Misses the Net.
9:12 of 3rd period - Wrist shot by Jake Virtanen.
9:12 of 3rd period - Stopped by Jason Missiaen with a rebound.
9:14 of 3rd period - Snap shot by Matt Puempel.
9:14 of 3rd period - Shot Misses the Net.
9:16 of 3rd period - Snap shot by Quinton Howden.
9:16 of 3rd period - Stopped by Jason Missiaen without a rebound.
9:17 of 3rd period - Aleksander Barkov wins face-off versus Sam Kurker in Penguins zone.
9:28 of 3rd period - Wrist shot by Aleksander Barkov.
9:28 of 3rd period - Stopped by Jason Missiaen with a rebound.
9:30 of 3rd period - Snap shot by Tobias Rieder.
9:30 of 3rd period - Shot Misses the Net.
9:32 of 3rd period - Wrist shot by Aleksander Barkov.
9:32 of 3rd period - Shot Misses the Net.
9:49 of 3rd period - Snap shot by Mitchell Heard.
9:49 of 3rd period - Shot Misses the Net.
10:07 of 3rd period - Snap shot by Craig Smith.
10:07 of 3rd period - Shot Blocked by William Colbert.
10:09 of 3rd period - Wrist shot by Andy Andreoff.
10:09 of 3rd period - Stopped by Igor Bobkov with a rebound.
10:11 of 3rd period - Wrist shot by Craig Smith.
10:11 of 3rd period - Shot Misses the Net.
10:31 of 3rd period - Mitchell Heard is hit by Sam Kurker and loses puck.
10:46 of 3rd period - Sam Kurker is hit by Roberts Lipsbergs and loses puck.
11:01 of 3rd period - Slapshot by Markus Nutivaara.
11:01 of 3rd period - Shot Blocked by Danny Biega.
11:03 of 3rd period - Snap shot by Roberts Lipsbergs.
11:03 of 3rd period - Goal by Roberts Lipsbergs - Penguins : 8 - Checkers : 6.
11:04 of 3rd period - Aleksander Barkov wins face-off versus Iven Barbashev in neutral zone.
11:04 of 3rd period - Jonathan Huberdeau is hit by Iven Barbashev and loses puck.
11:30 of 3rd period - Michael Latta is hit by Antti Suomela and loses puck.
11:55 of 3rd period - Snap shot by Matt Puempel.
11:55 of 3rd period - Shot Blocked by Kurt Sauer.
12:29 of 3rd period - Slapshot by Will Butcher.
12:29 of 3rd period - Shot Blocked by Viktor Baldayev.
12:41 of 3rd period - Snap shot by Anthony Beauvillier.
12:41 of 3rd period - Stopped by Igor Bobkov with a rebound.
12:43 of 3rd period - Snap shot by Nick Schmaltz.
12:43 of 3rd period - Stopped by Igor Bobkov without a rebound.
12:44 of 3rd period - Michael Latta wins face-off versus Iven Barbashev in Checkers zone.
13:09 of 3rd period - Iven Barbashev is hit by Roberts Lipsbergs.
14:02 of 3rd period - Jerry D'Amigo is hit by Craig Smith and loses puck.
14:48 of 3rd period - Minor Penalty to Josh Ho-Sang for Hooking.
14:49 of 3rd period - Tobias Rieder wins face-off versus Craig Smith in Penguins zone.
14:50 of 3rd period - Wrist shot by Aleksander Barkov.
14:50 of 3rd period - Shot Misses the Net.
15:22 of 3rd period - Wrist shot by Kerby Rychel.
15:22 of 3rd period - Stopped by Jason Missiaen with a rebound.
16:16 of 3rd period - Will Butcher is hit by Tobias Rieder and loses puck.
16:48 of 3rd period - Penalty to Josh Ho-Sang is over, Josh Ho-Sang is back on ice.
16:58 of 3rd period - Iven Barbashev is hit by Michael McCarron and loses puck.
17:30 of 3rd period - Iven Barbashev is hit by Quinton Howden and loses puck.
18:21 of 3rd period - Wrist shot by Nick Schmaltz.
18:21 of 3rd period - Stopped by Igor Bobkov without a rebound.
18:22 of 3rd period - Jake Virtanen wins face-off versus Antti Suomela in Checkers zone.
18:22 of 3rd period - Jake Virtanen is hit by Jordan Schmaltz.
18:28 of 3rd period - Nick Schmaltz is hit by Michael McCarron and loses puck.
18:58 of 3rd period - Jerry D'Amigo is hit by Andy Andreoff and loses puck.
19:30 of 3rd period - Icing by Josh Ho-Sang.
19:31 of 3rd period - Aleksander Barkov wins face-off versus Josh Ho-Sang in Penguins zone.
19:40 of 3rd period - Markus Nutivaara is hit by Nick Schmaltz and loses puck.
19:44 of 3rd period - Minor Penalty to Danny Biega for Slashing.
19:45 of 3rd period - Michael Latta wins face-off versus Craig Smith in Penguins zone.
Goals for this period are 2 for Penguins vs 2 for Checkers.
Shots for this period are 9 for Penguins vs 9 for Checkers.
Output by the SimonT Hockey Simulator (STHS) for Francois Prevost